 Dungeon Crawl Stone Soup version 0.31-a0-703-gcfe89afef6 (webtiles) character file.

Game seed: 3700824676862976222

317 avis the Ducker (level 6, 28/28 HPs)
             Began as a Felid Shapeshifter on Sept 9, 2023.
             Got out of the dungeon alive.
             The game lasted 00:15:38 (3330 turns).

avis the Ducker (Felid Shapeshifter)                Turns: 3330, Time: 00:15:38

Health: 28/28      AC:  2    Str: 12    XL:     6   Next: 20%
Magic:  7/7        EV: 19    Int: 23    God:
Gold:   239        SH:  0    Dex: 16    Spells: 5/5 levels left
                                        Lives:  0   Deaths: 2

rFire   . .          .
                       - Unarmed
rCold   . . .        (shield unavailable)
rNeg    . . .        (body armour unavailable)
rPois   .            (helmet unavailable)
rElec   .            (cloak unavailable)
rCorr   .            (gloves unavailable)
SInv    +            (boots unavailable)
Will    .....        p - amulet of guardian spirit
Stlth   +            i - +6 ring of intelligence
HPRegen 0.24/turn    k - +6 ring of intelligence
MPRegen 0.10/turn

%: guardian spirit
@: beast-form, quick
A: beast (slay +3), very small, claws 1, fangs 3, see invisible, speed 1, shaggy
fur 2, stealthy paws, no weapons or thrown items, no armour, multi-lived
a: Begin Untransformation


You escaped.
You were a hulking beast.
You visited 1 branch of the dungeon, and saw 4 of its levels.

You collected 239 gold pieces.

Inventory:

Jewellery
 i - a +6 ring of intelligence (left paw)
 k - a +6 ring of intelligence (right paw)
 o - an amulet of faith
 p - an amulet of guardian spirit (around neck)
Talismans
 b - a beast talisman (active)
 f - a flux talisman
 m - a maw talisman
Scrolls
 c - a scroll of summoning {unknown}
 d - a scroll of teleportation {unknown}
 j - 6 scrolls of identify {unknown}
 r - a scroll of fear {unknown}
 s - 4 scrolls of immolation {unknown}
 t - a scroll of amnesia {unknown}
 u - a scroll of fog {unknown}
 v - a scroll of enchant weapon {unknown}
Potions
 l - a potion of haste {unknown}
 n - a potion of heal wounds {unknown}
 q - a potion of curing {unknown}


   Skills:
 - Level 3.0 Fighting
 * Level 5.6 Dodging
 - Level 3.0 Unarmed Combat
 - Level 5.3 Shapeshifting


You had 5 spell levels left.
You didn't know any spells.
Your spell library contained the following spells:

 Spells                   Type           Power      Damage    Failure   Level
 Magic Dart               Conj           0%         1d3       16%         1
 Call Imp                 Summ           0%         N/A       24%         2
 Searing Ray              Conj           0%         2d4       24%         2
 Mephitic Cloud           Conj/Pois/Air  0%         N/A       43%         3
 Fulminant Prism          Conj/Hex       0%         3d5       83%         4


Dungeon Overview and Level Annotations

Branches:
Dungeon (4/15)
 Temple: D:4-7

Altars:


Innate Abilities, Weirdness & Mutations

You are a hulking beast.
Your limbs bulge with bestial killing power. (Slay +3)
You have sharp claws.
You have razor-sharp teeth.
You have supernaturally acute eyesight. (SInv)
You cover ground quickly. (Speed+)
You are covered in thick fur. (AC +2)
Your paws help you pounce on unaware monsters.
You are incapable of wielding weapons or throwing items.
You cannot wear armour.
You gain extra lives every three experience levels.


Message History

The scorpion is almost dead.
You feel sick. The scorpion stings you.
* * * LOW HITPOINT WARNING * * *
You are lethally poisoned!
The scorpion poisons you!
You claw the scorpion!
You kill the scorpion!
* * * LOW HITPOINT WARNING * * *
You feel very sick.
Your Dodging skill increases to level 5!
You have reached level 6!
Your fur grows into a thick mane.
It was a potion of brilliance.
You feel clever all of a sudden.
You die...
Your shape twists and changes as you die.
You feel very sick.
You rejoin the land of the living...
There is an open door here.
A ball python comes into view.
The ball python hisses angrily.
You claw the ball python!
You kill the ball python!
You see here a ball python corpse.
Done exploring.
What level of the Dungeon? (default 3, ? - help)
There is a stone staircase leading up here.
You climb upwards.
There is a stone staircase leading down here.
There is a stone staircase leading up here.
You climb upwards.
There is a stone staircase leading down here.
There is a stone staircase leading up here.
You climb upwards.
There is a stone staircase leading down here.
Things that are here:
2 stones; a +0 dagger
There is an open door here.
There is a staircase leading out of the dungeon here.
You have escaped!

.###############.# #.## #.#
.######### ####'#####..# #.#
.........# ##PP#.#PP###.#######.#
.†....##.###P~~#.#..P##..##...#.#
......##.##P~~~#.#PPPP##..#.#.#.#
......+..#P~~~~#.#....P#.........
......#.##P~~~~#.#..PPP#.##......
#######.########.#######.##......
#..'......h......'.#####.##
##########.#######.........
#P....#.#~~~~P##########
#PP...#.#~~~~P##########
##P...#.#~~~P##........#
##PPP#.#~~P##..........
##PP#.#PP###.......... ####'####
#....####.. #.## #....# #..


There were no monsters in sight!

Vanquished Creatures
  A water moccasin (D:4)
  A scorpion (D:4)
  4 adders
  2 worms (D:3)
  4 dart slugs
  9 orcs
  10 ball pythons
  4 bats
  5 endoplasms
  4 giant cockroaches
  3 goblins
  8 hobgoblins
  7 jackals (D:4)
  8 kobolds
  6 quokkas
  2 frilled lizards
  5 rats
83 creatures vanquished.

Notes
Turn   | Place    | Note
-------+----------+-------------------------------------------
     0 | D:1      | avis the Felid Shapeshifter began the quest for the Orb.
     0 | D:1      | Reached XP level 1. HP: 9/9 MP: 2/2
    86 | D:1      | Reached XP level 2. HP: 11/13 MP: 3/3
   728 | D:1      | Reached XP level 3. HP: 16/16 MP: 4/4
  1400 | D:3      | Reached XP level 4. HP: 18/19 MP: 5/5
  1612 | D:3      | Reached skill level 5 in Shapeshifting
  1836 | D:3      | Found a faded altar of an unknown god.
  2538 | D:4      | Noticed a water moccasin
  2547 | D:4      | Killed a water moccasin
  2548 | D:4      | Reached XP level 5. HP: 18/24 MP: 4/6
  2582 | D:4      | Identified the +1 robe "Piro" {Slay+2}
  2851 | D:4      | HP: 1/24 [poisoned by a scorpion]
  2852 | D:4      | Succumbed to a scorpion's poison
  3139 | D:4      | Reached skill level 5 in Dodging
  3139 | D:4      | Gained mutation: You are covered in thick fur. (AC +2)
                  | [Felid growth]
  3139 | D:4      | Reached XP level 6. HP: 3/28 MP: 2/7
  3139 | D:4      | Succumbed to a scorpion's poison
  3330 | D:$      | Got out of the dungeon alive.

Illustrated notes

Levels and vault maps discovered:
D:1:      psy_arrival_terrarium, layout_basic, serial_bayou_pond_c,
          minmay_pentomino_z2
D:2:      layout_rooms, grunt_decor_fettered, minmay_crystal_water,
          minmay_tiny_reverse_x
D:3:      layout_loops_ring, basic_ecumenical_altar
D:4:      layout_loops_corners

Skill      XL: |  1  2  3  4  5 |
---------------+----------------+-----
Fighting       | 2 3 |  3.0
Dodging        | 3 4 5 |  5.6
Shapeshifting  | 4 5 |  5.3
Unarmed Combat | |  3.0

Action                     |  1- 3 |  4- 6 || total
---------------------------+-------+-------++-------
  Melee: Unarmed           |    94 |    99 ||   193
         Bite              |     5 |     7 ||    12
         Punch             |     2 |     3 ||     5
    Use: Potion            |       |     4 ||     4
   Stab: Sleeping          |     4 |     4 ||     8
 Armour: Skin              |    20 |    29 ||    49
  Dodge: Dodged            |    68 |    56 ||   124

Table legend: (Time is in decaauts)
 A = Elapsed time spent in this place.
 B = Non-inter-level travel time spent in this place.
 C = Inter-level travel time spent in this place.
 D = Time resting spent in this place.
 E = Time spent auto-exploring this place.
 F = Levels seen in this place.
 G = Mean time per level.
                   A        B        C        D        E       F      G
               +--------+--------+--------+--------+--------+-----+--------+
         Total |   2836 |   2535 |    301 |    456 |   1349 |   4 |  709.0 |
       Dungeon |   2836 |   2535 |    301 |    456 |   1349 |   4 |  709.0 |
               +--------+--------+--------+--------+--------+-----+--------+

Top non-repeatable levels by time:
     D:4: 901 daAuts
     D:3: 759 daAuts
     D:1: 727 daAuts
     D:2: 448 daAuts
